 Dungeon Crawl Stone Soup version 0.27-a0-1281-ge233d83751 (webtiles) character file.

Game seed: 4481770828057054807

3078 Delamore the Spear-Bearer (level 10, -3/74 HPs)
             Began as a Formicid Fighter on June 14, 2021.
             Was an Initiate of Gozag.
             Slain by a gnoll sergeant (19 damage)
             ... in a bailey.
             The game lasted 00:09:02 (8516 turns).

Delamore the Spear-Bearer (Formicid Fighter)        Turns: 8516, Time: 00:09:02

Health: -3/74      AC:  9    Str: 29    XL:     10   Next: 12%
Magic:  10/10      EV:  7    Int:  9    God:    Gozag
Gold:   50         SH: 12    Dex: 10    Spells: 9/9 levels left

rFire    . . .     SeeInvis +   d - +0 spear (venom)
rCold    . . .     Faith    .   c - +1 kite shield
rNeg     . . .     Spirit   .   p - +0 chain mail
rPois    .         Reflect  .   (helmet unavailable)
rElec    .         Harm     .   (no cloak)
rCorr    .         Rampage  .   (no gloves)
Will     +....                  (no boots)
Stlth    ..........             (no amulet)
HPRegen  0.22/turn              q - +6 ring of strength
MPRegen  0.12/turn              (no ring)

@: no status effects
A: permanent stasis, dig shafts and tunnels, antennae 3, four strong arms
a: Dig, Renounce Religion, Potion Petition, Call Merchant, Bribe Branch


You were in a bailey.
You worshipped Gozag.
Gozag was noncommittal.
You visited 1 branch of the dungeon, and saw 7 of its levels.
You also visited: Bailey.

You collected 1277 gold pieces.
You spent 756 gold pieces at shops.
You paid 471 gold pieces to Gozag.

Inventory:

Hand Weapons
 a - a +0 trident
 d - a +0 spear of venom (weapon)
Missiles
 i - 3 throwing nets (quivered)
Armour
 b - a +0 scale mail
 c - a +1 kite shield (worn)
 h - the +0 plate armour of Eternal Night {*Corrode rF+ Int+4 Dex+6}
   (You bought it in a shop on level 7 of the Dungeon)

   It affects your intelligence (+4).
   It affects your dexterity (+6).
   It protects you from fire.
   It may corrode you when you take damage.
 p - a +0 chain mail (worn)
Jewellery
 q - a +6 ring of strength (left hand)
Wands
 m - a wand of iceblast (1)
Scrolls
 e - a scroll of enchant armour
 f - a scroll of summoning
 j - a scroll of immolation
 o - a scroll of fear
Potions
 g - 2 potions of haste
 k - 2 potions of mutation
 l - a potion of flight
 r - a potion of berserk rage


   Skills:
 - Level 5.0 Fighting
 * Level 11.5 Polearms
 + Level 3.2 Throwing
 - Level 5.0 Armour
 + Level 5.6 Shields


You had 9 spell levels left.
You didn't know any spells.
Your spell library contained the following spells:

 Spells                   Type           Power      Damage    Failure   Level
 Animate Skeleton         Necr           0%         N/A       99%         1
 Apportation              Tloc           0%         N/A       99%         1
 Corona                   Hex            0%         N/A       99%         1
 Summon Small Mammal      Summ           0%         N/A       99%         1


Dungeon Overview and Level Annotations

Branches:
Dungeon (7/15)             Temple (0/1) D:7          Bailey (1/1)

Altars:
Ashenzari
Cheibriados
Dithmenos
Gozag
Kikubaaqudgha
Okawaru
Qazlal
Uskayaw
The Shining One

Shops:
D:7 [

Annotations:
D:7 3 runed translucent doors, Kinoniko's ghost, novice GnFi


Innate Abilities, Weirdness & Mutations

You cannot be hasted, slowed, berserked, paralysed or teleported.
You can dig through walls and to a lower floor.
You have a pair of large antennae on your head. (SInv)
Your four strong arms can wield two-handed weapons with a shield.


Message History

Aim: a gnoll sergeant, wielding a +0 halberd and wearing a +0 chain mail (lightly wounded, poisoned, about 24% to evade your +0 spear of venom)
You reach to attack!
The gnoll sergeant shouts!
You hit the gnoll sergeant.
The gnoll sergeant is lightly wounded.
You are engulfed in a cloud of scalding steam.
You hear a shout!
You block the gnoll sergeant's attack.
Reach: d) +0 spear (venom)
Press: ? - help, Dir - move target, f/p - gnoll sergeant
Aim: a gnoll sergeant, wielding a +0 halberd and wearing a +0 chain mail (lightly wounded, poisoned, about 24% to evade your +0 spear of venom)
You reach to attack!
You hit the gnoll sergeant.
The gnoll sergeant looks even sicker.
The gnoll sergeant is lightly wounded.
You are engulfed in a cloud of scalding steam.
* * * LOW HITPOINT WARNING * * *
The gnoll sergeant is engulfed in a cloud of scalding steam.
You start resting.
You sense a monster nearby.
You start resting.
You are starting to lose your buoyancy.
You start resting.
You float gracefully downwards.
You start resting.
You sense a monster nearby.
You start resting.
A gnoll sergeant comes into view.
It is wielding the +10 dagger "Buani" {elec, rElec rCorr Str+4}.
A gnoll sergeant is nearby!
Reach: d) +0 spear (venom)
Press: ? - help, Dir - move target, f - gnoll sergeant
Aim: a gnoll sergeant, wielding the +10 dagger "Buani" {elec, rElec rCorr Str+4} and wearing a +0 chain mail (about 24% to evade your +0 spear of venom)
Your shield and chain mail prevent you from hitting the gnoll sergeant.
You block the gnoll sergeant's attack.
You hit the gnoll sergeant but do no damage.
The gnoll sergeant is poisoned.
The gnoll sergeant hits you with the +10 dagger "Buani" {elec, rElec rCorr Str+4}!
* * * LOW HITPOINT WARNING * * *
You are electrocuted!!
You die...
Your body crumbles into a pile of gold.

#.......#
#≈♣
#..$8$..#
#≈♣
#......{#
#≈♣
##.....##
#≈♣
##...##
#≈♣ { #≈♣
#≈♣ { ##≈♣
{ #@≈♣
#g.≈♣
.....≈♣
......≈≈♣
≈≈≈≈≈≈≈≈♣♣
♣♣♣♣♣♣♣♣♣


You could see a gnoll sergeant (very poisoned).

Vanquished Creatures
  Joseph (D:7)
  A steam dragon (D:6)
  A sky beast (D:6)
  An ice beast (D:6)
  2 necrophages (D:5)
  3 ogres (D:5)
  A centaur (D:6)
  A phantom (D:5)
  A kobold brigand (D:5)
  4 gnoll sergeants
  A water moccasin zombie (D:5)
  2 wyvern zombies
  5 scorpions
  A wyvern skeleton (D:6)
  A vampire bat (D:4)
  A bullfrog zombie (D:6)
  4 hounds
  3 bullfrog skeletons
  2 centaur skeletons
  A centaur zombie (D:6)
  2 gnoll shamans (Bailey)
  A jelly (D:4)
  Jessica (D:3)
  Terence (D:2)
  5 iguanas
  18 gnolls
  10 adders
  2 white imps (D:5)
  3 ufetubi
  An adder skeleton (D:4)
  5 dart slugs
  11 orcs
  2 bat skeletons (D:4)
  3 bat zombies (D:4)
  10 endoplasms
  3 giant cockroaches
  3 goblins
  5 hobgoblins
  15 jackals
  7 kobolds
  4 quokkas
  7 ball pythons
  5 bats
  4 frilled lizards
  A rat (D:1)
166 creatures vanquished.

Vanquished Creatures (others)
  4 toadstools (D:1)
4 creatures vanquished.

Grand Total: 170 creatures vanquished

Notes
Turn   | Place    | Note
-------+----------+-------------------------------------------
     0 | D:1      | Delamore the Formicid Fighter began the quest for the Orb.
     0 | D:1      | Reached XP level 1. HP: 18/18 MP: 1/1
   173 | D:1      | Reached XP level 2. HP: 14/24 MP: 2/2
   778 | D:1      | Found a faded altar of an unknown god.
   786 | D:1      | Became a worshipper of Gozag Ym Sagoz the Greedy
   942 | D:2      | Reached skill level 3 in Polearms
   942 | D:2      | Reached XP level 3. HP: 25/30 MP: 3/3
  1098 | D:2      | Noticed Terence
  1167 | D:2      | Killed Terence
  1168 | D:2      | Reached XP level 4. HP: 12/37 MP: 4/4
  2180 | D:3      | Noticed a scorpion
  2228 | D:2      | Killed a scorpion
  2229 | D:2      | Reached skill level 4 in Polearms
  2229 | D:2      | Reached XP level 5. HP: 18/43 MP: 5/5
  2615 | D:3      | Found a glowing golden altar of the Shining One.
  2706 | D:3      | Noticed Jessica
  2724 | D:3      | Killed Jessica
  3019 | D:3      | Reached XP level 6. HP: 49/49 MP: 6/6
  3238 | D:4      | Reached skill level 5 in Polearms
  3417 | D:4      | Reached skill level 5 in Fighting
  3696 | D:4      | Reached skill level 6 in Polearms
  3696 | D:4      | Reached XP level 7. HP: 35/56 MP: 7/7
  4207 | D:4      | Reached skill level 7 in Polearms
  4214 | D:4      | Found an ancient bone altar of Kikubaaqudgha.
  4334 | D:4      | Found a hide-covered altar of Uskayaw.
  4556 | D:5      | Entered Level 5 of the Dungeon
  4819 | D:5      | Reached XP level 8. HP: 56/62 MP: 8/8
  4863 | D:5      | Reached skill level 8 in Polearms
  5247 | D:5      | Reached skill level 9 in Polearms
  5407 | D:5      | Reached skill level 10 in Polearms
  5407 | D:5      | Reached XP level 9. HP: 10/68 MP: 9/9
  6173 | D:6      | Found a shadowy altar of Dithmenos.
  6212 | D:6      | Found an iron altar of Okawaru.
  6214 | D:6      | Found a stormy altar of Qazlal.
  6214 | D:6      | Found a snail-covered altar of Cheibriados.
  6292 | D:6      | Found a broken altar of Ashenzari.
  6423 | D:6      | Reached skill level 1 in Throwing
  7426 | D:6      | Reached skill level 11 in Polearms
  7767 | D:7      | Bought a spiked plate armour for 756 gold pieces
  7767 | D:7      | Identified the +0 plate armour of Eternal Night {*Corrode
                  | rF+ Int+4 Dex+6} (You bought it in a shop on level 7 of the
                  | Dungeon)
  7798 | D:7      | Noticed Joseph
  7818 | D:7      | Killed Joseph
  7819 | D:7      | Reached skill level 5 in Shields
  7991 | D:7      | Noticed Kinoniko's ghost (novice GnFi)
  7993 | D:7      | Found a runed translucent gate.
  7993 | D:7      | Found a runed translucent gate.
  7993 | D:7      | Found a runed translucent gate.
  8010 | D:7      | Reached XP level 10. HP: 62/74 MP: 10/10
  8023 | D:7      | Found a flagged portal.
  8028 | Bailey   | Entered a bailey
  8240 | Bailey   | Reached skill level 5 in Armour
  8510 | Bailey   | Identified the +10 dagger "Buani" {elec, rElec rCorr Str+4}
  8516 | Bailey   | Slain by a gnoll sergeant

Illustrated notes

Levels and vault maps discovered:
D:1:      ldierk_walled_garden_2, layout_basic,
          hellmonk_ecumenical_altar_slurped_away
D:2:      layout_basic, minmay_tetromino_l4, uniq_terence
D:3:      layout_loops_ring, amcnicky_altar_gilded, minmay_bisected,
          uniq_jessica
D:4:      layout_gridville, lemuel_crystal_altar, kennysheep_vampire_church,
          minmay_vboxes
D:5:      cheibrodos_barr_body, layout_basic
D:6:      layout_loops_corners, nicolae_overflow_hidden_temple,
          old_standard_altar
D:7:      layout_loops_cross, trog_wizard, temple_hall, enter_bailey_2,
          gammafunk_ghost_split, minmay_increasing_density, uniq_joseph,
          uniq_menkaure
Bailey:   bailey_polearm_gnolls_kennysheep, bailey

Skill      XL: |  1  2  3  4  5  6  7  8  9 10 |
---------------+-------------------------------+-----
Polearms       | 3 4 6 7 10 11 | 11.5
Fighting       | 4 5 |  5.0
Throwing       | 2 3 |  3.2
Shields        | 5 |  5.6
Armour         | 4 5 |  5.0

Action                   |  1- 3 |  4- 6 |  7- 9 | 10-12 || total
-------------------------+-------+-------+-------+-------++-------
Melee: Trident           |    91 |   194 |       |       ||   285
       Spear             |       |    61 |   440 |    60 ||   561
Throw: Dart              |       |       |       |     1 ||     1
       Throwing net      |       |       |       |     1 ||     1
Invok: Call Merchant     |       |       |     1 |       ||     1
 Abil: Dig               |       |     1 |     3 |       ||     4
Evoke: Wand              |       |       |       |     6 ||     6
  Use: Scroll            |     5 |     3 |     6 |       ||    14
       Potion            |     1 |     2 |     2 |     1 ||     6
 Stab: Distracted        |     1 |       |     3 |     1 ||     5
Armor: Scale mail        |    20 |    92 |    65 |       ||   177
       Skin              |       |     6 |       |       ||     6
       Chain mail        |       |       |    36 |    13 ||    49
Dodge: Dodged            |    14 |    89 |    72 |    18 ||   193
Block: Kite shield       |    34 |   124 |   167 |    31 ||   356

Table legend: (Time is in decaauts)
 A = Elapsed time spent in this place.
 B = Non-inter-level travel time spent in this place.
 C = Inter-level travel time spent in this place.
 D = Time resting spent in this place.
 E = Time spent auto-exploring this place.
 F = Levels seen in this place.
 G = Mean time per level.
                   A        B        C        D        E       F      G
               +--------+--------+--------+--------+--------+-----+--------+
         Total |   8502 |   8335 |    167 |   1637 |   5246 |   8 | 1062.8 |
       Dungeon |   8035 |   7868 |    167 |   1404 |   5114 |   7 | 1147.9 |
        Bailey |    467 |    467 |      0 |    233 |    132 |   1 |  467.0 |
               +--------+--------+--------+--------+--------+-----+--------+

Top non-repeatable levels by time:
     D:6: 1618 daAuts
     D:5: 1519 daAuts
     D:2: 1495 daAuts
     D:4: 1329 daAuts
     D:1: 916 daAuts
     D:3: 899 daAuts
  Bailey: 467 daAuts
     D:7: 257 daAuts
